cohdb
Replays
Latest Replays
All Replays
Popular Replays
Top Player Replays
Match Explorer
How It Works
Community
CoH3 Stats
Reddit
Sign in to upload your games and track your stats! →
Sign in with Steam
Match 42188272
Unlisted
Match 42188272
Overview
Messages
Build Orders
End
Kradschützen Motorcycle Team
Selects Armored Support Battlegroup
Panzerpioneer Squad
Panzergrenadier Squad
Panzergrenadier Squad
250 Light Carrier
Construct Light Support Kompanie
Selects Superior Fire Drills
Fire Support Elements
Panzerjäger Mechanized Group
Flakvierling Half-track
Veteran Squad Leaders
Vehicle Survival Package
Selects Flammpanzer III Medium Tank
Flammpanzer III Medium Tank
Assault Mechanized Group
Construct Panzerarmee Kommand
Selects Salvage Kits
Walking Stuka Rocket Launcher
Selects Command Panzer IV F Medium Tank
Assault Mechanized Group
Emergency Repair Kits
Flammpanzer III Medium Tank
Trion
dBoome
Mordja
Gacyr
0
0
Comments
sign in to comment!
No comments posted yet!